 Dungeon Crawl Stone Soup version 0.29.1-15-g9cfb28693d (webtiles) character file.

Game seed: 16170685571585054399

168 Ast3rio the Magician (level 5, 0/36 HPs)
             Began as a Djinni Necromancer on Mar 14, 2023.
             Slain by Robin
             ... wielding a +0 dagger
              (1 damage)
             ... on level 2 of the Dungeon.
             The game lasted 00:05:35 (3436 turns).

Ast3rio the Magician (Djinni Necromancer)           Turns: 3436, Time: 00:05:35

Health: 0/36       AC:  2    Str:  7    XL:     5   Next: 78%
Gold:   135        EV: 18    Int: 18    God:
                   SH:  0    Dex: 18

rFire   + + .      SeeInvis .   k - +6 short sword of Amorality {freeze, Dex+4}
rCold   x . .      Faith    .   (no shield)
rNeg    . . .      Spirit   .   a - +0 robe
rPois   ∞          Reflect  .   (no helmet)
rElec   .          Harm     .   (no cloak)
rCorr   .          Rampage  .   (no gloves)
Will    .....                   (boots unavailable)
Stlth   ++........              (no amulet)
HPRegen 0.12/turn               l - +4 ring of evasion
MPRegen 0.00/turn               (no ring)

@: flying
A: sickness immunity, fire resistance 2, cold vulnerability 1, float, innate
caster, HP casting, extra vitality 1
a: no special abilities


You were on level 2 of the Dungeon.
You visited 1 branch of the dungeon, and saw 2 of its levels.

You collected 135 gold pieces.

Inventory:

Hand Weapons
 k - the +6 short sword of Amorality (weapon) {freeze, Dex+4}
   (You found it on level 2 of the Dungeon)

   It freezes those it strikes, dealing additional cold damage.
   It can also slow down cold-blooded creatures.
   Dex:       It affects your dexterity (+4).
Armour
 a - a +0 robe (worn)
Jewellery
 l - a +4 ring of evasion (left hand)
Scrolls
 b - a scroll of poison {unknown}
 d - 2 scrolls of torment {unknown}
 e - a scroll of teleportation {unknown}
 g - a scroll of fear {unknown}
 i - 2 scrolls of enchant weapon {unknown}
 j - a scroll of noise {unknown}
 n - a scroll of immolation {unknown}
 o - a scroll of identify {unknown}
Potions
 c - 2 potions of mutation {unknown}
 f - a potion of heal wounds {unknown}
 h - a potion of brilliance {unknown}
 m - a potion of flight {unknown}


   Skills:
 * Level 0.7 Fighting
 * Level 0.6 Short Blades
 + Level 3.7 Dodging
 + Level 2.9 Stealth
 * Level 3.9 Spellcasting


You couldn't memorise any spells.
You knew the following spells:

 Your Spells              Type           Power      Damage    Failure   Level
a - Necrotise             Necr           68%        1d7       3%          1
b - Vampiric Draining     Necr           17%        2d7       9%          3
c - Animate Dead          Necr           17%        N/A       28%         4
d - Agony                 Necr           17%        N/A       63%         5
e - Beastly Appendage     Tmut           34%        N/A       3%          1
f - Wereblood             Tmut           17%        N/A       4%          2
Your spell library was empty.

Dungeon Overview and Level Annotations

Branches:
Dungeon (2/15)

Altars:
Xom

Annotations:
D:2 Robin


Innate Abilities, Weirdness & Mutations

You are immune to sickness and miasma.
You are immune to poison.
Your flesh is very heat resistant. (rF++)
You are vulnerable to cold. (rC-)
You float through the air rather than walking.
You learn spells naturally, not from books.
Your magical power is your life essence.
You have superior vitality. (+4 MHP)


Message History

Robin hits your hobgoblin skeleton with a +0 dagger.
Your hobgoblin skeleton is destroyed!
Your goblin skeleton hits Robin but does no damage.
Your goblin skeleton barely misses Robin.
Your magical contamination has completely faded away.
Casting: Necrotise (safe; 3% risk of failure)
Confirm with . or Enter, or press ? or * to list all spells.
Aiming: Necrotise (safe; 3% risk of failure)
Press: ? - help, Shift-Dir - straight line, f - Robin
Aim: Robin, wielding a +0 dagger, wearing a +0 animal skin and wearing a +0 helmet (ally target, chance to affect: 81%) Robin barely resists.
* * * LOW HITPOINT WARNING * * *
Unknown command.
Robin attacks as you move away! Robin barely misses you.
Casting: Necrotise (safe; 3% risk of failure)
Confirm with . or Enter, or press ? or * to list all spells.
Aiming: Necrotise (safe; 3% risk of failure)
Press: ? - help, Shift-Dir - straight line, f/p - Robin
Aim: Robin, wielding a +0 dagger, wearing a +0 animal skin and wearing a +0 helmet (ally target, chance to affect: 81%) Robin writhes in agony.
* * * LOW HITPOINT WARNING * * *
Robin hits you but does no damage.
Your goblin skeleton hits Robin but does no damage.
Casting: Necrotise (safe; 3% risk of failure)
Confirm with . or Enter, or press ? or * to list all spells.
Aiming: Necrotise (safe; 3% risk of failure)
Press: ? - help, Shift-Dir - straight line, f/p - Robin
Aim: Robin, wielding a +0 dagger, wearing a +0 animal skin and wearing a +0 helmet (lightly wounded, ally target, chance to affect: 81%) Robin barely resists.
* * * LOW HITPOINT WARNING * * *
Robin hits you with a +0 dagger.
* * * LOW HITPOINT WARNING * * *
You barely miss Robin.
Robin is lightly wounded.
Your goblin skeleton barely misses Robin.
Robin misses you.
You puncture Robin! You freeze Robin.
Robin is almost dead.
Robin hits you with a +0 dagger.
You die...

..# #......#..##.#.#..###......
#######......#..##.#.##..##......
..........#.##..##.#.###.##......
##.....####.##..##.#.# #.....##..
##.....####.##.....#.# #####..#..
............##.#####.# ##<...
.......#######.......##### #.....
.......###...##....###...###.###.
.._...###.....##@..##.....##.# #.
......##.......#g..#.......#.# #.
......##..)...)'Z..'....(..#.# #.
########.......#...#.......#.# ##
##.....##...##.....##.#
##...###...###...###.#### #####
#...# ##### #..... ##.[.###..)#
...# ###### ##.....##..)# .....
#...[.


You could see Robin (ally target) and a friendly goblin skeleton.

Vanquished Creatures
  Jessica (D:2)
  Natasha (thrice) (D:2)
  A worm (D:2)
  A dart slug (D:1)
  3 bats
  3 endoplasms
  4 giant cockroaches
  2 hobgoblins
  7 jackals (D:1)
  A quokka (D:1)
  6 ball pythons
  3 frilled lizards
  11 goblins
  8 kobolds
  A rat (D:1)
55 creatures vanquished.

Vanquished Creatures (collateral kills)
  2 goblins (D:2)
2 creatures vanquished.

Grand Total: 57 creatures vanquished

Notes
Turn   | Place    | Note
-------+----------+-------------------------------------------
     0 | D:1      | Ast3rio the Djinni Necromancer began the quest for the Orb.
     0 | D:1      | Ast3rio set off with the following spells memorised:
                  | Necrotise, Vampiric Draining, Animate Dead, Agony.
     0 | D:1      | Reached XP level 1. HP: 15/15 MP: 0/0
   244 | D:1      | Reached XP level 2. HP: 15/21 MP: 0/0
   846 | D:1      | Reached XP level 3. HP: 24/25 MP: 0/0
   846 | D:1      | Learned a level 1 spell: Beastly Appendage
  1265 | D:1      | Found a faded altar of an unknown god.
  1965 | D:2      | Noticed Natasha
  1967 | D:2      | Found a shimmering altar of Xom.
  1974 | D:2      | Killed Natasha
  1975 | D:2      | Reached XP level 4. HP: 16/31 MP: 0/0
  2184 | D:2      | Noticed Natasha
  2192 | D:2      | Killed Natasha
  2538 | D:2      | Noticed Jessica
  2551 | D:2      | Killed Jessica
  2552 | D:2      | Reached XP level 5. HP: 23/35 MP: 0/0
  2552 | D:2      | Learned a level 2 spell: Wereblood
  2698 | D:2      | Identified the +6 short sword of Amorality {freeze, Dex+4}
  2891 | D:2      | Noticed Natasha
  2897 | D:2      | Killed Natasha
  3391 | D:2      | Noticed Robin
  3434 | D:2      | HP: 1/36 [Robin/+0 dagger (3)]
  3436 | D:2      | Slain by Robin

Illustrated notes

Levels and vault maps discovered:
D:1:      tarquinn_simple_flora_water_b, layout_basic,
          ebering_ecumenical_altar_box
D:2:      kennysheep_six_static_rooms, layout_basic, basic_altar, uniq_natasha,
          uniq_robin, uniq_jessica

Skill      XL: |  1  2  3 |
---------------+----------+-----
Stealth        | 2 |  2.9
Dodging        | 3 |  3.7
Fighting       | |  0.7
Short Blades   | |  0.6
Spellcasting   | |  3.9

Action                   |  1- 3 |  4- 6 || total
-------------------------+-------+-------++-------
Melee: Unarmed           |     9 |       ||     9
       Short sword       |       |     8 ||     8
 Cast: Necrotise         |    70 |    46 ||   116
 Stab: Sleeping          |     1 |       ||     1
Armor: Robe              |     3 |     3 ||     6
Dodge: Dodged            |    37 |    25 ||    62
